 Dungeon Crawl Stone Soup version 0.20.0-15-g7f486f2 (webtiles) character file.

1088 Jakon the Shield-Bearer (level 8, -1/71 HPs)
             Began as a Minotaur Fighter on June 23, 2017.
             Slain by an orc warrior
             ... wielding a +0 halberd
              (5 damage)
             ... on level 6 of the Dungeon.
             The game lasted 00:15:29 (4743 turns).

Jakon the Shield-Bearer (Minotaur Fighter)          Turns: 4743, Time: 00:15:29

Health: -1/71      AC: 13    Str: 25    XL:     8   Next: 9%
Magic:  7/7        EV:  6    Int:  6    God:
Gold:   91         SH: 11    Dex: 12    Spells: 7/7 levels left

rFire    . . .     SeeInvis .   a - +0 long sword
rCold    + . .     Gourm    +   c - +0 shield
rNeg     . . .     Faith    .   A - +2 chain mail {rC+}
rPois    .         Spirit   .   (helmet restricted)
rElec    .         Reflect  .   (no cloak)
rCorr    .         Harm     .   g - +0 pair of gloves
MR       .....                  (no boots)
Stlth    ..........             y - amulet of the gourmand
Regen    0.3/turn               (no ring)
MPRegen  0.1/turn               (no ring)

@: mighty, very slightly contaminated, slowed, very slow
A: retaliatory headbutt, horns 2
a: no special abilities


You were on level 6 of the Dungeon.
You were very full.

You visited 1 branch of the dungeon, and saw 6 of its levels.

You collected 286 gold pieces.
You spent 195 gold pieces at shops.

Inventory:

Hand Weapons
 a - a +0 long sword (weapon)
Armour
 c - a +0 shield (worn)
 g - a +0 pair of gloves (worn)
 t - a +2 robe of positive energy
 A - a +2 chain mail of cold resistance (worn)
Jewellery
 b - an uncursed ring of positive energy {unknown}
 n - an uncursed amulet of faith
 y - an amulet of the gourmand (around neck)
Wands
 z - a wand of scattershot (0/9)
 C - a wand of polymorph (7/24)
Scrolls
 e - 3 scrolls of teleportation
 h - a scroll of silence {unknown}
 i - a scroll of immolation
 j - a scroll of fog
 p - a scroll of remove curse
 q - a scroll of magic mapping {unknown}
 s - a scroll of fear {unknown}
 v - a scroll of recharging {unknown}
 w - a scroll of random uselessness {unknown}
 G - 2 scrolls of identify
Potions
 l - a potion of agility {unknown}
 m - 3 potions of curing
 u - a potion of invisibility {unknown}
 B - a potion of mutation {unknown}
 E - a potion of degeneration {unknown}
 F - a potion of cancellation {unknown}
 H - a potion of haste {unknown}
Comestibles
 f - 6 bread rations
 k - 8 fruits
 o - 3 meat rations


   Skills:
 + Level 6.9 Fighting
 + Level 6.0 Long Blades
 + Level 6.4 Armour
 + Level 6.9 Shields


You had 7 spell levels left.
You didn't know any spells.

Dungeon Overview and Level Annotations

Branches:
Dungeon (6/15)
 Temple: D:4-7

Altars:
Cheibriados
Hepliaklqana
Vehumet

Shops:
D:5 *


Innate Abilities, Weirdness & Mutations

You reflexively headbutt those who attack you in melee.
You have a pair of horns on your head.


Message History

The orc wizard hits you but does no damage.
The orc warrior hits you with a halberd!
* * * LOW HITPOINT WARNING * * *
The orc wizard mumbles some strange words.
The orc wizard blinks!
The orc warrior hits you with a halberd.
* * * LOW HITPOINT WARNING * * *
Blink to where?
Press: ? - help, Dir - move target cursor You are very lightly contaminated with residual magic.
As you read the scroll of blinking, it crumbles to dust.
Found a short sword.
The orc wizard casts a spell.
The orc wizard blinks!
You block the orc wizard's attack.
The orc wizard hits you but does no damage.
You slash the orc wizard!
You kill the orc wizard!
Your Long Blades skill increases to level 6!
The orc warrior hits you from afar with a halberd.
You die...

#
####.)..#
+
.......#
# #..#$#
#...#
##.## #.#
#o# #.#
#@# #)#
..# ...#
##.## #.
#. ..


You could see an orc warrior.

Vanquished Creatures
  2 phantoms
  2 ogres
  The ghost of iamgrull the Conjurer, an amateur DECj (D:5)
  A scorpion (D:6)
  A howler monkey (D:6)
  2 crimson imps (D:5)
  An orc priest (D:6)
  5 hounds
  2 iguanas
  A worker ant (D:6)
  3 orc wizards
  A hound skeleton (D:4)
  A worker ant zombie (D:6)
  2 adders
  4 gnolls (D:4)
  An ooze (D:3)
  3 adder skeletons
  3 worms
  2 dart slugs
  2 leopard geckos
  13 orcs
  2 ball pythons
  6 giant cockroaches
  4 goblins
  7 hobgoblins
  6 kobolds
  2 quokkas
  7 bats
  5 frilled lizards
  A jackal skeleton (D:6)
  7 rats
100 creatures vanquished.

Notes
Turn   | Place    | Note
-------+----------+-------------------------------------------
     0 | D:1      | Jakon the Minotaur Fighter began the quest for the Orb.
     0 | D:1      | Reached XP level 1. HP: 19/19 MP: 0/0
   287 | D:1      | Reached XP level 2. HP: 23/27 MP: 1/1
  1011 | D:2      | Reached XP level 3. HP: 33/33 MP: 2/2
  1726 | D:3      | Found a snail-covered altar of Cheibriados.
  1920 | D:3      | Reached XP level 4. HP: 37/41 MP: 3/3
  2286 | D:4      | Noticed an ogre
  2372 | D:4      | Reached XP level 5. HP: 27/47 MP: 4/4
  2569 | D:4      | Killed an ogre
  2569 | D:4      | Reached skill level 5 in Fighting
  2569 | D:4      | Reached skill level 5 in Shields
  2621 | D:4      | Reached skill level 5 in Armour
  2694 | D:4      | Found a radiant altar of Vehumet.
  2744 | D:4      | Reached XP level 6. HP: 54/56 MP: 5/5
  3098 | D:5      | Entered Level 5 of the Dungeon
  3289 | D:5      | Reached XP level 7. HP: 54/62 MP: 6/6
  3359 | D:5      | Noticed iamgrull's ghost (amateur DECj)
  3369 | D:5      | Killed iamgrull's ghost
  3369 | D:5      | Reached skill level 5 in Long Blades
  3540 | D:5      | Found Ywiurako's Assorted Antiques.
  3562 | D:5      | Bought a glowing chain mail for 195 gold pieces
  4397 | D:6      | Reached XP level 8. HP: 71/71 MP: 7/7
  4414 | D:6      | Found a hazy altar of Hepliaklqana.
  4736 | D:6      | HP: 2/71 [orc warrior/halberd (2)]
  4743 | D:6      | Slain by an orc warrior

Skill      XL: |  1  2  3  4  5  6  7  8 |
---------------+-------------------------+-----
Fighting       | 4 5 6 |  6.9
Long Blades    | 3 4 5 6 |  6.0
Shields        | 4 5 6 |  6.9
Armour         | 4 5 6 |  6.4

Action                   |  1- 3 |  4- 6 |  7- 9 || total
-------------------------+-------+-------+-------++-------
Melee: Long sword        |    89 |   112 |   115 ||   316
       Headbutt          |    14 |    23 |    25 ||    62
Evoke: Wand              |       |       |     2 ||     2
  Use: Potion            |       |     1 |     4 ||     5
       Scroll            |       |       |     9 ||     9
  Eat: Chunk             |     3 |     5 |    14 ||    22
Armor: Scale mail        |    76 |    56 |     2 ||   134
       Chain mail        |       |       |    41 ||    41
Dodge: Dodged            |    31 |    27 |    18 ||    76
Block: Shield            |    71 |    83 |    54 ||   208
       Rpst.: Long sword |     9 |    13 |     5 ||    27
